[Event "Titled Tuesday Blitz August 17 2021"]
[White "Yilmaz, Mustafa"]
[Black "Katz, Alexander"]
[WhiteFideId "6302718"]
[BlackFideId "2039796"]
[WhiteElo "2518"]
[BlackElo "2371"]
[Result "1-0"]
[Round "04"]
[TimeControl "180+1"]
[Date "2021.08.17"]
[WhiteClock "0:00:13"]
[BlackClock "0:00:10"]

1. e4 e5 2. Nf3 Nc6 3. Bb5 a6 4. Ba4 Nf6 5. O-O b5 6. Bb3 Bc5 7. c3 d6 8. d4 Bb6 9. a4 Bg4 10. Bg5 Rb8 11. axb5 axb5 12. Qd3 O-O 13. Nbd2 h6 14. Bh4 Re8 15. Qxb5 Ne7 16. Bxf6 gxf6 17. Qc4 Be6 18. Qd3 Ng6 19. Bxe6 fxe6 20. g3 Kh7 21. Nc4 Rg8 22. Kh1 d5 23. Nxb6 Rxb6 24. dxe5 fxe5 25. b4 Rd6 26. exd5 Rxd5 27. Qe4 Rf8 28. Ra6 Qf6 29. Nh4 Rd6 30. Ra7 Rf7 31. Nxg6 Qxg6 32. Qxe5 Rd2 33. Rxc7 Rxf2 34. Rxf2 1-0


[Site "https://www.chess.com"]

[Event "Titled Tuesday Blitz August 17 2021"]
[White "Yoo, Christopher Woojin"]
[Black "Wagner, Dennis"]
[WhiteFideId "30909694"]
[BlackFideId "24650684"]
[WhiteElo "2105"]
[BlackElo "2355"]
[Result "1-0"]
[Round "04"]
[TimeControl "180+1"]
[Date "2021.08.17"]
[WhiteClock "0:00:02"]
[BlackClock "0:00:02"]

1. e4 c5 2. Nf3 d6 3. Nc3 Nf6 4. e5 dxe5 5. Nxe5 a6 6. Qe2 Qd6 7. g3 Nc6 8. Nc4 Qc7 9. Ne3 e6 10. Bg2 Be7 11. O-O O-O 12. b3 Nd4 13. Qd1 Bd7 14. Ne4 Bc6 15. d3 Rad8 16. c3 Nf5 17. Qc2 b5 18. Bb2 Rd7 19. Rad1 Nxe3 20. Nxf6+ Bxf6 21. fxe3 Rfd8 22. d4 Qb7 23. Qe2 Bxg2 24. Qxg2 Qxg2+ 25. Kxg2 h5 26. Kf3 e5 27. Ke4 exd4 28. exd4 Re7+ 29. Kf3 Red7 30. Rd2 b4 31. cxb4 cxd4 32. Rfd1 Kh7 33. Rd3 Kg6 34. h3 Rd6 35. a4 Rb8 36. Bxd4 Rxb4 37. Bc5 Rxd3+ 38. Rxd3 Rb8 39. b4 Kf5 40. Rd5+ Kg6 41. Rd6 Ra8 42. Ke4 Kg5 43. Be3+ Kg6 44. Bd4 Rb8 45. Bc5 Re8+ 46. Kd5 Re5+ 47. Kc4 Re4+ 48. Kd3 Re1 49. Rxa6 Rh1 50. h4 Rh3 51. Bf2 Rh2 52. Ke3 Rh1 53. Kf3 Ra1 54. b5 Kf5 55. Rc6 Ra3+ 56. Kg2 Ke4 57. Rc4+ Kd5 58. Rc5+ Ke4 59. Rc4+ Kd5 60. Rf4 Ra2 61. b6 Kc6 62. Kf3 Ra3+ 63. Be3 Be7 64. Rc4+ Kb7 65. Rc7+ Ka6 66. Ra7# 1-0


[Site "https://www.chess.com"]

[Event "Titled Tuesday Blitz August 17 2021"]
[White "Zakaryan_David"]
[Black "Goryachkina, Aleksandra"]
[BlackFideId "4147103"]
[WhiteElo "2498"]
[BlackElo "2441"]
[Result "1-0"]
[Round "04"]
[TimeControl "180+1"]
[Date "2021.08.17"]
[WhiteClock "0:01:08"]
[BlackClock "0:00:01"]

1. Nf3 d5 2. g3 c5 3. Bg2 Nc6 4. d4 Nf6 5. O-O e6 6. c4 dxc4 7. Qa4 Bd7 8. dxc5 Bxc5 9. Qxc4 Be7 10. Nc3 O-O 11. Bf4 Rc8 12. Rfd1 Qa5 13. Qb5 Qxb5 14. Nxb5 Nd5 15. Bd6 Bxd6 16. Nxd6 Rc7 17. Rac1 a6 18. e4 Nb6 19. e5 Nc8 20. Nd2 f6 21. Nxc8 Rcxc8 22. exf6 gxf6 23. Ne4 Ne5 24. Nd6 Rxc1 25. Rxc1 Bc6 26. Nxb7 Nf3+ 27. Bxf3 Bxf3 28. Nd6 Rd8 29. Rc8 Rxc8 30. Nxc8 Kf7 31. Kf1 Ke8 32. Nb6 Kd8 33. Ke1 Kc7 34. Nc4 Kc6 35. Kd2 Kc5 36. Kc3 e5 37. a4 Kd5 38. b4 Be2 39. Nd2 f5 40. Nb3 f4 41. Nc5 1-0


[Site "https://www.chess.com"]

[Event "Titled Tuesday Blitz August 17 2021"]
[White "Zakhartsov, Vladimir"]
[Black "Tari, Aryan"]
[WhiteFideId "4145097"]
[BlackFideId "1510045"]
[WhiteElo "2488"]
[BlackElo "2656"]
[Result "0-1"]
[Round "04"]
[TimeControl "180+1"]
[Date "2021.08.17"]
[WhiteClock "0:00:01"]
[BlackClock "0:00:22"]

1. d4 Nf6 2. c4 g6 3. Nc3 d5 4. Bg5 c5 5. Bxf6 exf6 6. cxd5 Qb6 7. e3 cxd4 8. Bb5+ Nd7 9. Qxd4 Qxd4 10. exd4 a6 11. Bxd7+ Bxd7 12. Nf3 Rc8 13. O-O Bb4 14. Ne4 Ke7 15. a3 f5 16. Neg5 Bd6 17. Ne5 Be8 18. Rac1 Rxc1 19. Rxc1 f6 20. Ngf3 Bb5 21. Nc4 Bf4 22. Re1+ Kd7 23. b3 Bc7 24. a4 Bxc4 25. bxc4 b6 26. Re6 Bd6 27. c5 bxc5 28. dxc5 Bxc5 29. Rxa6 Rb8 30. g3 Rb1+ 31. Kg2 Rb2 32. Ne1 Rxf2+ 33. Kh3 g5 34. g4 Re2 35. Nf3 Rf2 36. Ne1 Rf1 37. Ng2 Rf3# 0-1


[Site "https://www.chess.com"]

[Event "Titled Tuesday Blitz August 17 2021"]
[White "Zhigalko, Sergei"]
[Black "Jaracz, Pawel"]
[WhiteFideId "13502956"]
[BlackFideId "1102222"]
[WhiteElo "2662"]
[BlackElo "2495"]
[Result "1-0"]
[Round "04"]
[TimeControl "180+1"]
[Date "2021.08.17"]
[WhiteClock "0:00:21"]
[BlackClock "0:00:10"]

1. e4 e5 2. Nf3 Nc6 3. Bc4 Bc5 4. b4 Be7 5. b5 Na5 6. Be2 d5 7. Nxe5 dxe4 8. Bb2 Bf6 9. O-O Ne7 10. d4 exd3 11. Bxd3 O-O 12. Nd2 Ng6 13. f4 c6 14. a4 Be6 15. Qh5 Bxe5 16. fxe5 c5 17. Ne4 c4 18. Ng5 Qb6+ 19. Kh1 h6 20. Nxe6 Qxe6 21. Bf5 Qe8 22. Bc3 b6 23. e6 Ne7 24. exf7+ Qxf7 25. Bh7+ 1-0


[Site "https://www.chess.com"]

[Event "Titled Tuesday Blitz August 17 2021"]
[White "davigator"]
[Black "Tanenbaum, Zachary"]
[BlackFideId "2060850"]
[WhiteElo "2348"]
[BlackElo "2165"]
[Result "0-1"]
[Round "04"]
[TimeControl "180+1"]
[Date "2021.08.18"]
[WhiteClock "0:00:26"]
[BlackClock "0:00:05"]

1. e4 e5 2. Nf3 Nc6 3. Bb5 a6 4. Ba4 d6 5. O-O Nf6 6. Re1 Be7 7. c3 O-O 8. d4 b5 9. Bc2 Bg4 10. Be3 Re8 11. h3 Bh5 12. Nbd2 Bf8 13. d5 Ne7 14. Nf1 c6 15. dxc6 Nxc6 16. Ng3 Bg6 17. Qd2 d5 18. Bg5 d4 19. Rad1 h6 20. Bh4 Be7 21. cxd4 Bb4 22. Qe3 exd4 23. Nxd4 Nxd4 24. Rxd4 Qe7 25. Re2 Bc5 26. Bxf6 Qxf6 27. e5 Qb6 28. Bxg6 Bxd4 29. Bxf7+ Kxf7 30. Qf4+ Kg8 31. Nf5 Bc5 32. Qg4 Ra7 33. e6 Rxe6 34. Nxh6+ Rxh6 35. Re8+ Bf8 36. Qf3 Rf6 37. Qd5+ Raf7 38. Kh2 Rxf2 39. Rxf8+ Kxf8 40. Qa8+ Ke7 41. Qe4+ Kd7 42. Qd5+ Qd6+ 0-1


[Site "https://www.chess.com"]

[Event "Titled Tuesday Blitz August 17 2021"]
[White "gurelediz"]
[Black "Guz, Ari"]
[BlackFideId "2825759"]
[WhiteElo "2702"]
[BlackElo "1847"]
[Result "1-0"]
[Round "04"]
[TimeControl "180+1"]
[Date "2021.08.17"]
[WhiteClock "0:01:36"]
[BlackClock "0:01:45"]

1. e4 c5 2. Nf3 e6 3. d4 cxd4 4. Nxd4 a6 5. Nc3 Qc7 6. g3 Nf6 7. Bg2 Nc6 8. O-O Be7 9. Nb3 O-O 10. f4 d6 11. g4 Nd7 12. g5 b5 13. a3 Bb7 14. Qh5 Nc5 15. Nxc5 dxc5 16. Rf3 g6 17. Qh6 f5 18. Rh3 Rf7 19. exf5 exf5 20. Bd5 Bf8 21. Qxh7# 1-0


[Site "https://www.chess.com"]

[Event "Titled Tuesday Blitz August 17 2021"]
[White "volunteers1998"]
[Black "Omariev, Maksim"]
[BlackFideId "4193423"]
[WhiteElo "2235"]
[BlackElo "2419"]
[Result "1-0"]
[Round "04"]
[TimeControl "180+1"]
[Date "2021.08.18"]
[WhiteClock "0:00:44"]
[BlackClock "0:00:08"]

1. e4 c5 2. Nf3 d6 3. d4 cxd4 4. Nxd4 Nf6 5. Nc3 a6 6. h3 e6 7. g4 Nfd7 8. Be3 b5 9. Bg2 Bb7 10. O-O Nc5 11. a3 Be7 12. f4 O-O 13. Qe1 Nc6 14. Rd1 Qc7 15. Qg3 Rfe8 16. e5 Nxd4 17. Bxd4 Bxg2 18. Qxg2 dxe5 19. Bxe5 Qa7 20. Kh1 Red8 21. Rxd8+ Rxd8 22. Rd1 Qb6 23. Rxd8+ Qxd8 24. Ne4 Qd1+ 25. Kh2 h6 26. Nxc5 Bxc5 27. Bc3 Be3 28. Qa8+ Kh7 29. Qe4+ f5 30. Qxe3 Qxc2+ 31. Qd2 Qe4 32. Kg3 fxg4 33. hxg4 h5 34. gxh5 Kh6 35. Qd4 Qb7 36. Qxg7+ Qxg7+ 37. Bxg7+ Kxg7 38. b4 Kf6 39. Kg4 Kf7 40. Kg5 Kg7 41. h6+ Kf7 42. h7 Kg7 43. h8=Q+ Kxh8 44. Kf6 e5 45. fxe5 Kg8 46. Ke7 Kg7 47. Kd7 Kg6 48. e6 a5 49. e7 axb4 50. axb4 Kf5 51. e8=Q Kf4 52. Kd6 Kf5 53. Qe5+ Kg6 54. Qf4 Kh7 55. Qg5 Kh8 56. Ke6 Kh7 57. Kf6 Kh8 58. Qg7# 1-0


[Site "https://www.chess.com"]

[Event "Titled Tuesday Blitz August 17 2021"]
[White "Alekseenko, Kirill"]
[Black "Atabayev, Maksat"]
[WhiteFideId "4135539"]
[BlackFideId "14001101"]
[WhiteElo "2580"]
[BlackElo "2457"]
[Result "1-0"]
[Round "05"]
[TimeControl "180+1"]
[Date "2021.08.17"]
[WhiteClock "0:00:11"]
[BlackClock "0:00:16"]

1. e4 c5 2. Nf3 a6 3. Nc3 e6 4. d4 cxd4 5. Nxd4 Nc6 6. Be2 Qc7 7. O-O Nf6 8. Be3 b5 9. Nxc6 dxc6 10. f4 Be7 11. e5 Nd5 12. Nxd5 cxd5 13. Bd4 g6 14. Qd2 O-O 15. Bd3 b4 16. g4 a5 17. f5 Bc5 18. c3 exf5 19. gxf5 Ba6 20. Bxa6 Rxa6 21. f6 Re8 22. Rae1 bxc3 23. bxc3 Rae6 24. Kh1 Bf8 25. Qf4 Qc4 26. Rf2 Rb8 27. h4 Qd3 28. h5 Rb1 29. Rxb1 Qxb1+ 30. Kh2 Qd1 31. hxg6 hxg6 32. Qh4 Rc6 33. Rg2 a4 34. Qh3 Re6 35. Qf5 Qc1 36. Rxg6+ fxg6 37. Qxe6+ Kh8 38. Qh3+ Kg8 39. Qg3 Kf7 40. Qf3 Qh6+ 41. Kg2 Qd2+ 42. Kg3 Ke6 43. Qg4+ Kf7 44. e6+ Ke8 45. f7+ Kd8 46. Bb6+ Ke7 47. Bc5+ Kf6 48. Bxf8 Qe1+ 49. Kg2 Qd2+ 50. Kf1 Qc1+ 51. Kf2 Qd2+ 52. Qe2 Qxe2+ 53. Kxe2 Kxe6 54. Bc5 Kxf7 55. Kf3 Ke6 56. Kf4 Kd7 57. Bd4 Kc6 58. Kg5 Kb5 59. Kxg6 Kc4 60. Kf5 a3 61. Ke5 Kd3 62. Kxd5 Kc2 63. c4 Kb1 64. c5 Kxa2 65. c6 Kb1 66. c7 a2 67. c8=Q a1=Q 68. Bxa1 Ka2 69. Qc2+ Kxa1 70. Qd2 Kb1 71. Kc4 1-0


[Site "https://www.chess.com"]

[Event "Titled Tuesday Blitz August 17 2021"]
[White "Alhadad, Mahmoud"]
[Black "Slavin, Alexey"]
[WhiteFideId "11501863"]
[BlackFideId "24104388"]
[WhiteElo "1955"]
[BlackElo "2262"]
[Result "0-1"]
[Round "05"]
[TimeControl "180+1"]
[Date "2021.08.18"]
[WhiteClock "0:00:14"]
[BlackClock "0:00:22"]

1. e4 Nc6 2. Nc3 d6 3. d4 Nf6 4. Be3 e5 5. d5 Ne7 6. f3 Ng6 7. h4 Be7 8. Bb5+ Bd7 9. Bxd7+ Qxd7 10. h5 Nf8 11. Nge2 h6 12. g4 N8h7 13. Ng3 O-O 14. Qd2 Ne8 15. Nf5 Bg5 16. O-O-O b5 17. Ne2 a5 18. Ng1 Bxe3 19. Qxe3 Ng5 20. Nh3 f6 21. f4 Nxh3 22. Rxh3 exf4 23. Qxf4 a4 24. Nd4 Rf7 25. Ne6 c5 26. Rf1 Nc7 27. Qf5 Re8 28. Nxc7 Qxc7 29. Rhf3 Re5 30. Qf4 Rfe7 31. Re3 b4 32. Rfe1 Qd7 33. R1e2 Rg5 34. Rg2 Ree5 35. Kd2 Qb5 36. Kc1 Qc4 37. b3 Qd4 38. bxa4 Qa1+ 39. Kd2 Qxa2 40. Qf1 Qxa4 41. Qc4 Qd7 42. Reg3 Qe8 43. Re2 Kh7 44. c3 f5 45. exf5 Rxe2+ 46. Qxe2 bxc3+ 47. Rxc3 Qxe2+ 48. Kxe2 Rxg4 49. Re3 Rd4 50. Rd3 Rf4 51. Rf3 Rh4 52. Re3 Rxh5 53. Re6 Rxf5 54. Rxd6 h5 55. Ke3 h4 56. Ke4 Rh5 57. Rc6 h3 58. Rxc5 h2 59. Rc1 h1=Q+ 60. Rxh1 Rxh1 61. d6 Rd1 62. Ke5 g5 63. Ke6 Kh6 64. d7 Rxd7 65. Kxd7 g4 66. Ke6 g3 67. Ke5 g2 68. Ke4 g1=Q 69. Ke5 Qf2 70. Ke6 Qc5 71. Kd7 Qb6 72. Kc8 Qa7 73. Kd8 Kg6 74. Ke8 Kf6 75. Kf8 Qb8# 0-1


[Site "https://www.chess.com"]

[Event "Titled Tuesday Blitz August 17 2021"]
[White "Atabayev, Saparmyrat"]
[Black "Navalgund, Niranjan"]
[WhiteFideId "14000571"]
[BlackFideId "5030854"]
[WhiteElo "2483"]
[BlackElo "2290"]
[Result "1-0"]
[Round "05"]
[TimeControl "180+1"]
[Date "2021.08.17"]
[WhiteClock "0:00:13"]
[BlackClock "0:00:13"]

1. e4 e5 2. Nf3 Nc6 3. Bb5 a6 4. Bxc6 dxc6 5. Nc3 f6 6. d4 exd4 7. Nxd4 c5 8. Nde2 Qxd1+ 9. Nxd1 Bg4 10. Bf4 O-O-O 11. Ne3 Be6 12. Nc3 Ne7 13. Bg3 g6 14. Bf4 Bg7 15. Rd1 Rxd1+ 16. Kxd1 Rd8+ 17. Kc1 f5 18. exf5 Nxf5 19. Ne4 b6 20. Ng5 Bg8 21. Nxf5 gxf5 22. Re1 h6 23. Nf3 Bxa2 24. Nh4 Bd4 25. Nxf5 Bxf2 26. Re2 Bg1 27. b3 Rf8 28. g4 h5 29. h3 hxg4 30. hxg4 Bd4 31. Re7 Rh8 32. Bxc7 Rh1+ 33. Kd2 Kb7 34. Be5+ Kc6 35. Bxd4 cxd4 36. Nxd4+ Kd6 37. Ra7 a5 38. Kc3 Rg1 39. Kb2 Rxg4 40. Nb5+ Kc6 41. Nc3 Bxb3 42. Kxb3 Rg3 43. Rh7 Rf3 44. Rh6+ Kc5 45. Rh5+ Kc6 46. Kb2 Rg3 47. Rh6+ Kb7 48. Nd5 Rg5 49. Rxb6+ Ka7 50. Rb5 Ka6 51. Nc7+ Ka7 52. Rxg5 1-0


[Site "https://www.chess.com"]

[Event "Titled Tuesday Blitz August 17 2021"]
[White "Babiy, Olga"]
[Black "Stoyanov, Tsvetan"]
[WhiteFideId "14117258"]
[BlackFideId "2917173"]
[WhiteElo "2253"]
[BlackElo "2191"]
[Result "0-1"]
[Round "05"]
[TimeControl "180+1"]
[Date "2021.08.17"]
[WhiteClock "0:00:17"]
[BlackClock "0:01:21"]

1. d4 c5 2. d5 d6 3. c4 g6 4. Nc3 Bg7 5. e4 Nf6 6. Nf3 O-O 7. h3 e6 8. Be2 Na6 9. O-O Nc7 10. Bf4 e5 11. Be3 Nh5 12. Qd2 f5 13. Bg5 Qe8 14. Bh6 Nf4 15. Bxf4 exf4 16. Qxf4 Bxc3 17. Qxd6 fxe4 18. bxc3 exf3 19. Bxf3 Qd8 20. Qxc5 Bxh3 21. gxh3 Rxf3 22. d6 Ne6 23. Qd5 Qg5+ 24. Qxg5 Nxg5 25. Rfe1 Rd8 26. Rad1 Rf6 27. Re7 Rfxd6 28. Rxd6 Rxd6 29. Rxb7 Nxh3+ 30. Kg2 Nf4+ 31. Kf3 Ne6 32. Rxa7 Rc6 33. Re7 Kf8 34. Rd7 Rxc4 35. Ke3 Rxc3+ 36. Ke4 Nc5+ 37. Kd4 Rd3+ 0-1


[Site "https://www.chess.com"]

[Event "Titled Tuesday Blitz August 17 2021"]
[White "Baches Garcia, Guillermo"]
[Black "Petrovskyi, Vadym"]
[WhiteFideId "2209764"]
[BlackFideId "14165210"]
[WhiteElo "2471"]
[BlackElo "2334"]
[Result "0-1"]
[Round "05"]
[TimeControl "180+1"]
[Date "2021.08.17"]
[WhiteClock "0:00:48"]
[BlackClock "0:02:24"]

1. e4 c5 2. Nf3 d6 3. d4 cxd4 4. Nxd4 Nf6 5. Nc3 a6 6. Be2 e5 7. Nb3 Be7 8. O-O O-O 9. a4 Be6 10. Be3 Nc6 11. Bf3 Nb4 12. a5 Rc8 13. Re1 d5 14. Bb6 Qd6 15. exd5 Nbxd5 16. Nxd5 Nxd5 17. Qe2 Nxb6 18. axb6 Qxb6 19. Qxe5 Rxc2 20. Nd4 Bf6 21. Qe4 Rc4 22. Nxe6 Rxe4 23. Nxf8 Rxe1+ 0-1


[Site "https://www.chess.com"]

[Event "Titled Tuesday Blitz August 17 2021"]
[White "Bacrot, Etienne"]
[Black "Papasimakopoulos, Alexandros"]
[WhiteFideId "605506"]
[BlackFideId "4244125"]
[WhiteElo "2673"]
[BlackElo "2352"]
[Result "1-0"]
[Round "05"]
[TimeControl "180+1"]
[Date "2021.08.17"]
[WhiteClock "0:01:21"]
[BlackClock "0:00:47"]

1. e4 e6 2. d4 d5 3. exd5 exd5 4. Nf3 Bg4 5. h3 Bh5 6. Qe2+ Qe7 7. Be3 Nc6 8. g4 Bg6 9. Nc3 O-O-O 10. O-O-O f6 11. Bg2 Qd7 12. Rhe1 Bb4 13. Bd2 Bxc3 14. Bxc3 Nge7 15. Qe6 Be4 16. Qxd7+ Kxd7 17. Re3 h5 18. Bf1 hxg4 19. hxg4 g5 20. Nd2 Bg6 21. Nb3 b6 22. Bb5 Kc8 23. Rde1 Rh7 24. Re6 Rd6 25. Rxd6 cxd6 26. Re6 f5 27. Bxc6 Nxc6 28. Rxg6 fxg4 29. Rxg5 Rh2 30. Rxg4 Rxf2 31. Rg1 Ne7 32. Be1 Re2 33. Rf1 Rg2 34. Nd2 Kd7 35. Nb1 Kc6 36. a4 a6 37. Nc3 Ng6 38. Na2 a5 39. Nc3 Nf8 40. Rxf8 1-0


[Site "https://www.chess.com"]

[Event "Titled Tuesday Blitz August 17 2021"]
[White "Balabayeva, Xeniya"]
[Black "FGHSMN"]
[WhiteFideId "13719688"]
[WhiteElo "1988"]
[BlackElo "2585"]
[Result "0-1"]
[Round "05"]
[TimeControl "180+1"]
[Date "2021.08.18"]
[WhiteClock "0:00:02"]
[BlackClock "0:00:29"]

1. e4 c5 2. Nf3 e6 3. g3 Nc6 4. Bg2 Nf6 5. Qe2 d6 6. O-O Be7 7. c3 O-O 8. d4 cxd4 9. cxd4 Bd7 10. Nc3 Rc8 11. Be3 Re8 12. Rad1 Na5 13. Rfe1 Nc4 14. Bc1 Bf8 15. Rd3 b5 16. e5 Nd5 17. Nxd5 exd5 18. b3 dxe5 19. dxe5 Nb6 20. Bf4 b4 21. Nd4 Bc5 22. Red1 Qe7 23. Qd2 a5 24. h4 a4 25. Re1 Nc4 26. bxc4 dxc4 27. Rde3 b3 28. axb3 cxb3 29. Bg5 Qf8 30. Bd5 Bb4 31. Qd3 Bxe1 32. Rxe1 b2 33. Rb1 a3 34. Kg2 Qc5 35. Be4 a2 36. Bxh7+ Kh8 37. Rxb2 a1=Q 38. Rd2 Qcc1 0-1


[Site "https://www.chess.com"]

[Event "Titled Tuesday Blitz August 17 2021"]
[White "Bengtson, Matthew"]
[Black "Ezat, Mohamed"]
[WhiteFideId "2012847"]
[BlackFideId "10600906"]
[WhiteElo "2282"]
[BlackElo "2414"]
[Result "0-1"]
[Round "05"]
[TimeControl "180+1"]
[Date "2021.08.18"]
[WhiteClock "0:00:01"]
[BlackClock "0:00:08"]

1. Nf3 Nf6 2. c4 g6 3. Nc3 Bg7 4. e4 d6 5. d4 O-O 6. Be2 e5 7. O-O Nc6 8. d5 Ne7 9. b4 c6 10. dxc6 Nxc6 11. a3 Nd4 12. Be3 Nxe2+ 13. Qxe2 Bg4 14. h3 Bh5 15. Rfd1 Qe7 16. Rac1 a6 17. Bg5 Qe6 18. Bxf6 Bxf3 19. Qxf3 Bxf6 20. Nd5 Bd8 21. Qg4 Rc8 22. Qg3 Kg7 23. Qd3 f5 24. exf5 gxf5 25. Ne3 Be7 26. g4 fxg4 27. hxg4 Kh8 28. Kg2 Rf4 29. Rh1 h6 30. Rh3 Rcf8 31. Rc2 Bg5 32. f3 e4 33. Qc3+ Bf6 34. Rxh6+ Kg7 35. Rxf6 Qxf6 36. Nf5+ Kg6 37. Qxf6+ Rxf6 38. Ne7+ Kg5 39. Nd5 exf3+ 40. Kf2 Rxg4 41. Nxf6 Rg2+ 42. Kxf3 Rxc2 43. Ne4+ Kf5 44. Nxd6+ Ke5 45. Nxb7 Rc3+ 46. Ke2 Rxa3 47. b5 axb5 48. cxb5 Kd5 49. Nd8 Rb3 50. Nf7 Rxb5 51. Ng5 Kc4 52. Ne4 Re5 53. Kf3 Kd4 54. Nf2 Re8 55. Kf4 Rf8+ 56. Kg3 Rf7 57. Ng4 Rf1 58. Nf2 Ke5 59. Kf3 Ra1 60. Ke3 Kf5 61. Nd3 Ra4 62. Nf2 Ra3+ 63. Ke2 Rb3 0-1


[Site "https://www.chess.com"]

[Event "Titled Tuesday Blitz August 17 2021"]
[White "Borsuk, Konstantin"]
[Black "Khodzhamkuliev, Bahadur"]
[WhiteFideId "14113406"]
[BlackFideId "24135046"]
[WhiteElo "2382"]
[BlackElo "2130"]
[Result "0-1"]
[Round "05"]
[TimeControl "180+1"]
[Date "2021.08.18"]
[WhiteClock "0:01:47"]
[BlackClock "0:00:47"]

1. d4 Nc6 2. c4 d6 3. Nc3 Nf6 4. h3 g6 5. g4 Bg7 6. e4 e5 7. d5 Nd4 8. Be3 O-O 9. Qd2 c5 10. dxc6 bxc6 11. O-O-O Rb8 12. f4 Qa5 13. f5 d5 14. Kb1 Qb4 15. g5 Nxe4 16. Nxe4 Bxf5 17. Bg2 dxe4 18. Qf2 Qxc4 19. Rc1 Qd3+ 20. Ka1 Rb6 21. Rc3 Nb3+ 22. Rxb3 Qd1+ 0-1


[Site "https://www.chess.com"]

[Event "Titled Tuesday Blitz August 17 2021"]
[White "Caetano, Ryan Wesley Da Costa"]
[Black "Maiorov, Nikita"]
[WhiteFideId "2188554"]
[BlackFideId "13501720"]
[WhiteElo "2006"]
[BlackElo "2440"]
[Result "0-1"]
[Round "05"]
[TimeControl "180+1"]
[Date "2021.08.18"]
[WhiteClock "0:00:03"]
[BlackClock "0:00:14"]

1. d4 Nf6 2. c4 e6 3. Nc3 Bb4 4. Qc2 Nc6 5. Nf3 d6 6. Bg5 h6 7. Bh4 O-O 8. e3 Re8 9. a3 Bxc3+ 10. Qxc3 e5 11. d5 Nb8 12. Be2 Bf5 13. b4 Nbd7 14. O-O Bh7 15. Nd2 Ne4 16. Nxe4 Qxh4 17. Nd2 Qe7 18. e4 f5 19. f3 Nf6 20. Bd3 fxe4 21. Nxe4 Nh5 22. c5 Nf4 23. Bc4 Rf8 24. Ra2 Kh8 25. Qe3 Bxe4 26. fxe4 Qg5 27. Qg3 Qh5 28. Raf2 a5 29. cxd6 cxd6 30. Qe3 axb4 31. axb4 Qg5 32. Kh1 Rf6 33. Bb5 Raf8 34. Bd7 Nh3 35. Qxg5 Nxf2+ 36. Kg1 hxg5 37. h3 Nxh3+ 0-1


[Site "https://www.chess.com"]

[Event "Titled Tuesday Blitz August 17 2021"]
[White "Chen, Max"]
[Black "Gelman, Alexander"]
[WhiteFideId "2622440"]
[BlackFideId "4118316"]
[WhiteElo "2429"]
[BlackElo "2375"]
[Result "1-0"]
[Round "05"]
[TimeControl "180+1"]
[Date "2021.08.18"]
[WhiteClock "0:00:06"]
[BlackClock "0:00:17"]

1. e4 c5 2. c3 e6 3. d4 d5 4. exd5 exd5 5. Nf3 Nc6 6. Be3 cxd4 7. Nxd4 Nf6 8. Nd2 Bd6 9. Be2 O-O 10. O-O Re8 11. Re1 Rxe3 12. fxe3 Qe7 13. Nf1 Ne5 14. h3 a6 15. a4 Bd7 16. Ng3 g6 17. Nf1 Re8 18. b3 h5 19. Nf3 Ne4 20. Rc1 Nxf3+ 21. Bxf3 Qe5 22. Qd4 Qg5 23. c4 Bxh3 24. Qxd5 Re5 25. Qxb7 Nc5 26. Qb6 Re6 27. b4 Nd3 28. c5 Nxe1 29. Rxe1 Bg3 30. Nxg3 Rxb6 31. cxb6 Qxg3 32. Rd1 h4 33. b7 Bxg2 34. Rd8+ Kg7 35. b8=Q Qxf3 36. Qe5+ f6 37. Qc7+ Kh6 38. Rh8+ Kg5 39. Qf4+ Qxf4 40. exf4+ Kxf4 41. Kxg2 g5 42. Rf8 f5 43. b5 axb5 44. axb5 g4 45. b6 h3+ 46. Kh2 Kg5 47. b7 1-0


[Site "https://www.chess.com"]

[Event "Titled Tuesday Blitz August 17 2021"]
[White "Chernobay, Artem"]
[Black "Steinberg, Nitzan"]
[WhiteFideId "4167406"]
[BlackFideId "2801795"]
[WhiteElo "2480"]
[BlackElo "2440"]
[Result "0-1"]
[Round "05"]
[TimeControl "180+1"]
[Date "2021.08.17"]
[WhiteClock "0:00:26"]
[BlackClock "0:01:03"]

1. d4 Nf6 2. c4 g6 3. Nc3 Bg7 4. e4 d6 5. Nf3 O-O 6. Be2 Nbd7 7. O-O e5 8. Be3 exd4 9. Nxd4 Re8 10. f3 c6 11. Qd2 Qc7 12. Rad1 a5 13. Nc2 Bf8 14. Bf4 Ne5 15. Bg5 Ned7 16. Kh1 a4 17. Ne3 a3 18. b3 Ra5 19. Bh4 Bh6 20. Qd4 Bf4 21. Nc2 Rh5 22. Bxf6 Nxf6 23. h3 Qe7 24. Ne3 Bxh3 25. gxh3 Rxh3+ 26. Kg1 Nh5 27. Ng2 Qg5 28. e5 Qg3 29. Ne4 Rh1+ 0-1


[Site "https://www.chess.com"]

[Event "Titled Tuesday Blitz August 17 2021"]
[White "Dahanayake, Isara Banidu"]
[Black "Sengupta, Deep"]
[WhiteFideId "9932631"]
[BlackFideId "5008352"]
[WhiteElo "1394"]
[BlackElo "2347"]
[Result "0-1"]
[Round "05"]
[TimeControl "180+1"]
[Date "2021.08.17"]
[WhiteClock "0:00:12"]
[BlackClock "0:00:22"]

1. e4 b6 2. d4 e6 3. Nc3 Bb7 4. Nf3 Bb4 5. Bd3 Nf6 6. Qe2 d5 7. e5 Ne4 8. Bd2 Nxd2 9. Qxd2 c5 10. a3 Bxc3 11. bxc3 Nc6 12. O-O Rc8 13. Bb5 O-O 14. Qf4 Ne7 15. Bd3 Ng6 16. Qg4 cxd4 17. cxd4 f5 18. exf6 Rxf6 19. h4 Nf4 20. Ng5 Nxd3 21. cxd3 Qd6 22. Rae1 Rcf8 23. Nxe6 Rg6 24. Qh3 Bc8 25. f4 Rxe6 26. Rxe6 Qxe6 27. f5 Rxf5 28. Rxf5 Qxf5 29. Qe3 h6 30. Qe8+ Kh7 31. Qe7 Qxd3 32. Qxa7 Qxd4+ 33. Kh1 Bf5 34. Qf7 Be4 35. Qf4 Qb2 36. Qg3 b5 37. h5 Qxg2+ 38. Qxg2 Bxg2+ 39. Kxg2 g6 40. hxg6+ Kxg6 41. Kf3 Kf5 42. Ke3 h5 43. Kd4 h4 44. Kxd5 h3 45. Kc5 h2 46. Kxb5 h1=Q 47. a4 Qb7+ 48. Kc5 Ke5 49. a5 Qc7+ 50. Kb5 Kd5 51. a6 Qc5+ 52. Ka4 Kc4 53. a7 Qb4# 0-1


[Site "https://www.chess.com"]

[Event "Titled Tuesday Blitz August 17 2021"]
[White "Damjanovic, Vladimir"]
[Black "Cunjalo, Faris"]
[WhiteFideId "903795"]
[BlackFideId "14410710"]
[WhiteElo "2374"]
[BlackElo "2234"]
[Result "0-1"]
[Round "05"]
[TimeControl "180+1"]
[Date "2021.08.17"]
[WhiteClock "0:00:01"]
[BlackClock "0:01:03"]

1. e4 c5 2. Nf3 Nc6 3. Bb5 g6 4. O-O Bg7 5. c3 e5 6. d4 cxd4 7. cxd4 exd4 8. Bf4 Nge7 9. Bd6 a6 10. Ba4 O-O 11. e5 b5 12. Bc2 Bb7 13. Be4 Re8 14. Nxd4 Qb6 15. Nxc6 Nxc6 16. Nc3 Nxe5 17. Bxb7 Qxb7 18. Qd5 Qc6 19. Bxe5 Bxe5 20. Rad1 Bxc3 21. bxc3 Qxc3 22. Qxd7 Re6 23. f4 Rae8 24. f5 Qc5+ 25. Kh1 R6e7 26. Qd6 Qxd6 27. Rxd6 a5 28. f6 Re6 29. Rd5 Rxf6 30. Rb1 Re2 31. Rdxb5 Rff2 32. Rxa5 Rxg2 0-1


[Site "https://www.chess.com"]

[Event "Titled Tuesday Blitz August 17 2021"]
[White "Demchenko, Anton"]
[Black "Quintiliano Pinto, Renato R."]
[WhiteFideId "4160258"]
[BlackFideId "2117568"]
[WhiteElo "2583"]
[BlackElo "2439"]
[Result "1-0"]
[Round "05"]
[TimeControl "180+1"]
[Date "2021.08.17"]
[WhiteClock "0:00:04"]
[BlackClock "0:00:02"]

1. e4 c5 2. Nf3 d6 3. d4 cxd4 4. Nxd4 Nf6 5. Nc3 a6 6. Bc4 e6 7. Be3 b5 8. Bb3 Be7 9. f3 O-O 10. Qe2 b4 11. Nd1 a5 12. c4 Bd7 13. O-O Na6 14. Nf2 Nc5 15. Rfd1 Qb8 16. Bc2 Re8 17. Nb5 d5 18. Nd4 Bf8 19. Bg5 Nh5 20. e5 h6 21. Bd2 g6 22. f4 Ng7 23. Ng4 Nh5 24. Be3 Qb7 25. Rac1 dxc4 26. Qxc4 Rac8 27. Qe2 a4 28. b3 axb3 29. axb3 Red8 30. Nf2 Ng7 31. Ng4 Nh5 32. Qf2 Bc6 33. Nxc6 Qxc6 34. Rxd8 Rxd8 35. h3 Ne4 36. Qh4 Nc3 37. Qxd8 Ne2+ 38. Kf2 Nxc1 39. Nxh6+ Kg7 40. Bb1 Nxb3 41. f5 Nc5 42. f6+ Kh7 43. Qxf8 1-0


[Site "https://www.chess.com"]